 Dungeon Crawl Stone Soup version 0.30-a0-121-gb27577e5d9 (webtiles) character file.

Game seed: 18281064032825465125

2 RedHousePainter the Digger (level 1, -2/10 HPs)
             Began as a Gargoyle Earth Elementalist on Sept 15, 2022.
             Frozen to death by an endoplasm (5 damage)
             ... on level 1 of the Dungeon.
             The game lasted 00:02:50 (49 turns).

RedHousePainter the Digger (GrEE)                     Turns: 49, Time: 00:02:50

Health: -2/10      AC:  4    Str: 11    XL:     1   Next: 30%
Magic:  3/3        EV: 12    Int: 15    God:
Gold:   0          SH:  0    Dex: 10    Spells: 3/4 levels left

rFire   . . .      SeeInvis .    (no weapon)
rCold   . . .      Faith    .    (no shield)
rNeg    + . .      Spirit   .    a - +0 robe
rPois   ∞          Reflect  .    (no helmet)
rElec   +          Harm     .    (no cloak)
rCorr   .          Rampage  .    (no gloves)
Will    .....                    (no boots)
Stlth   ++........               (no amulet)
HPRegen 0.03/turn                (no ring)
MPRegen 0.08/turn                (no ring)

@: no status effects
A: sickness immunity, AC +2, negative energy resistance 1, electricity
resistance, torment resistance 1, petrification resistance
a: no special abilities


You were on level 1 of the Dungeon.
You visited 1 branch of the dungeon, and saw 1 of its levels.

Inventory:

Armour
 a - a +0 robe (worn)
Scrolls
 c - a scroll of identify {unknown}
Potions
 b - a potion of magic


   Skills:
 + Level 1.6 Dodging
 + Level 2.1 Stealth
 + Level 2.1 Spellcasting
 + Level 0.7 Transmutations
 + Level 3.6 Earth Magic


You had 3 spell levels left.
You knew the following spells:

 Your Spells              Type           Power      Damage    Failure   Level
a - Sandblast             Erth           24%        2d8       4%          1

Your spell library contained the following spells:

 Spells                   Type           Power      Damage    Failure   Level
 Passwall                 Tmut/Erth      6%         N/A       14%         2
 Stone Arrow              Conj/Erth      14%        3d7       30%         3
 Petrify                  Tmut/Erth      8%         N/A       65%         4


Dungeon Overview and Level Annotations

Branches:
Dungeon (1/15)

Altars:


Innate Abilities, Weirdness & Mutations

You are immune to sickness and miasma.
Your stone body is resilient. (AC +2)
You are immune to poison.
You resist negative energy. (rN+)
You are resistant to electric shocks. (rElec)
You are resistant to unholy torment.
You are immune to petrification.


Message History

The ball python constricts you.
You escape the ball python's grasp.
The ball python barely misses you. x2; The ball python closely misses you.
The ball python grabs you. The ball python constricts you.
You see here a scroll labelled BEYVEV TIQUWA.
You escape the ball python's grasp.
The ball python barely misses you. The ball python grabs you.
The ball python constricts you.
You escape the ball python's grasp.
The ball python closely misses you. The ball python grabs you.
The ball python constricts you.
You hit the ball python.
You kill the ball python!
c - a scroll labelled BEYVEV TIQUWA
There are no items here.
A bat is nearby!
You enter the shallow water.
Moving in this stuff is going to be slow.
The bat misses you.
An endoplasm comes into view.
The bat barely misses you. The bat closely misses you.
The bat hits you but does no damage.
Your unstable footing causes you to fumble your attack.
The bat hits you but does no damage.
The endoplasm quivers.
The bat hits you but does no damage. The bat misses you.
The bat closely misses you.
You enter the shallow water.
Moving in this stuff is going to be slow.
The bat barely misses you. The bat barely misses you. The endoplasm misses you.
The bat attacks as you move away! The bat barely misses you. x2
The endoplasm freezes you.
You are frozen.
Ouch! That really hurt!
* * * LOW HITPOINT WARNING * * *
The bat hits you but does no damage. The endoplasm freezes you.
You are frozen.
Ouch! That really hurt!
You die...

## ##.## ##..#
..####...####....
....#..~..#.....#
..~....~....~..8#
...~..~~~..~...##
....~~~~~~~.....##
..~~~~...~~~~....#
~~~~~..<..~~~~~..#
..~~~~...~~~~J@..#
....~~~~~~~..b..#.....
...~..~~~..~...## ##.
..~....~....~..8# ##
....#..~..#.....#..#
..####...####....# ##
##.## ###..# #. ......
## ####..##


You could see an endoplasm and a bat.

Vanquished Creatures
  A hobgoblin (D:1)
  A ball python (D:1)
2 creatures vanquished.

Notes
Turn   | Place    | Note
-------+----------+-------------------------------------------
     0 | D:1      | RedHousePainter the Gargoyle Earth Elementalist began the
                  | quest for the Orb.
     0 | D:1      | Reached XP level 1. HP: 10/10 MP: 3/3
    49 | D:1      | Frozen to death by an endoplasm

Illustrated notes

Levels and vault maps discovered:
D:1:      eino_arrival_water_star, layout_loops_cross,
          shapermc_ecumenical_altar_mp_vishouse, serial_shops,
          nicolae_shop_hallway_plus

Action                   || total
-------------------------++-------
Melee: Unarmed           ||    10
       Punch             ||     1
Armor: Robe              ||     7
Dodge: Dodged            ||    24

Table legend: (Time is in decaauts)
 A = Elapsed time spent in this place.
 B = Non-inter-level travel time spent in this place.
 C = Inter-level travel time spent in this place.
 D = Time resting spent in this place.
 E = Time spent auto-exploring this place.
 F = Levels seen in this place.
 G = Mean time per level.
                   A        B        C        D        E       F      G
               +--------+--------+--------+--------+--------+-----+--------+
         Total |     52 |     46 |      6 |      0 |      9 |   1 |   52.0 |
       Dungeon |     52 |     46 |      6 |      0 |      9 |   1 |   52.0 |
               +--------+--------+--------+--------+--------+-----+--------+

Top non-repeatable levels by time:
     D:1: 52 daAuts
